 Dungeon Crawl Stone Soup version 0.31.0-32-g396128a36d (webtiles) character file.

Game seed: 18193726672968491626

58 TacoSundae the Vexing (level 4, 0/32 HPs)
             Began as a Barachi Hexslinger on Apr 14, 2024.
             Slain by Terence
             ... wielding a +0 flail
              (12 damage)
             ... on level 2 of the Dungeon.
             The game lasted 00:02:54 (1094 turns).

TacoSundae the Vexing (Barachi Hexslinger)          Turns: 1094, Time: 00:02:56

Health: 0/32       AC:  3    Str:  9    XL:     4   Next: 1%
Magic:  6/7        EV: 12    Int: 13    God:
Gold:   40         SH:  0    Dex: 17    Spells: 5/7 levels left

rFire   . . .        a - +1 sling
rCold   . . .        (no shield)
rNeg    . . .        c - +0 robe
rPois   .            (no helmet)
rElec   .            (no cloak)
rCorr   .            (no gloves)
SInv    .            g - +0 pair of boots
Will    .....        (no amulet)
Stlth   ++           (no ring)
HPRegen 0.25/turn    (no ring)
MPRegen 0.10/turn

%: no passive effects
@: unable to hop, slow
A: amphibious, slowness 1, strong legs 1, +LOS
a: Hop


You were on level 2 of the Dungeon.
You visited 1 branch of the dungeon, and saw 2 of its levels.

You collected 40 gold pieces.

Inventory:

Hand Weapons
 a - a +1 sling (weapon)
Missiles
 f - 3 poisoned darts
Armour
 c - a +0 robe (worn)
 g - a +0 pair of boots (worn)
Jewellery
 i - a +4 ring of protection
Scrolls
 b - a scroll of poison
 d - 2 scrolls of identify {unknown}
 e - 3 scrolls of teleportation {unknown}
 h - 2 scrolls of vulnerability {unknown}
 j - a scroll of revelation {unknown}


   Skills:
 - Level 1.2 Fighting
 * Level 3.2 Ranged Weapons
 - Level 2.1 Dodging
 + Level 2.0 Spellcasting
 + Level 3.9 Hexes
 - Level 1.1 Fire Magic


You had 5 spell levels left.
You knew the following spells:

 Your Spells              Type           Power      Damage    Failure   Level
a - Jinxbite              Hex            22%        N/A       8%          2

Your spell library contained the following spells:

 Spells                   Type           Power      Damage    Failure   Level
 Sigil of Binding         Hex            11%        N/A       16%         3
 Inner Flame              Hex/Fire       7%         N/A       26%         3
 Cause Fear               Hex            5%         N/A       45%         4
 Dimensional Bullseye     Hex/Tloc       3%         N/A       75%         4


Dungeon Overview and Level Annotations

Branches:
Dungeon (2/15)

Altars:
Wu Jian

Annotations:
D:2 Terence


Innate Abilities, Weirdness & Mutations

You are amphibious.
You cover ground slowly.
You can hop short distances.
You have an extended range of vision and can be seen from far away.


Message History

Hop to where?
Press: ? - help, Dir - move target, p - Terence Boing!
The giant cockroach waves its antennae.
You are too injured to fight recklessly!
Your legs are too worn out to hop.
Your legs are too worn out to hop.
You are too injured to fight recklessly!
You are too injured to fight recklessly!
Your legs are too worn out to hop.
Fire: a) +1 sling
Press: ? - help, Shift-Dir - straight line, f - giant cockroach
Aim: a giant cockroach (sparse dust, 59% to hit)
You shoot a sling bullet.
The sling bullet barely misses the giant cockroach.
Fire: a) +1 sling
Press: ? - help, Shift-Dir - straight line, f/p - giant cockroach
Aim: a giant cockroach (59% to hit)
You shoot a sling bullet.
The sling bullet closely misses the giant cockroach.
The sling bullet hits Terence.
Terence is almost dead.
The giant cockroach barely misses you.
Fire: a) +1 sling
Press: ? - help, Shift-Dir - straight line, f/p - giant cockroach
Aim: a giant cockroach (59% to hit)
You shoot a sling bullet.
The sling bullet barely misses the giant cockroach.
The sling bullet hits Terence but does no damage.
Terence is almost dead.
The giant cockroach bites you but does no damage.
The giant cockroach bites you.
Fire: a) +1 sling
Press: ? - help, Shift-Dir - straight line, f/p - giant cockroach
Aim: a giant cockroach (59% to hit)
You shoot a sling bullet.
The sling bullet closely misses the giant cockroach.
The giant cockroach misses you. Terence hits you with a +0 flail!
You die...
Terence says, "Time to find some more victims."

.......†)....##### #.#
.................####.#
.#..........#.........###
##....#...#######...><.####
#....###.†..# ##...#....#
...... ####.## #...####.#
###... #..# #....# .# #...
#####†###.#.## # ....
..#...@.......#
........@B......#
...............<#
...#....###.###.#
.............<......
#.###.##.....#...... # #.
#.....# ._..# #. #.....#
.... # #.....# ..#


You could see Terence and a giant cockroach.

Vanquished Creatures
  3 adders (D:2)
  2 dart slugs (D:1)
  2 ball pythons
  2 endoplasms
  4 goblins (D:1)
  2 hobgoblins (D:1)
  A kobold (D:2)
  2 quokkas (D:1)
  4 bats
  4 rats
26 creatures vanquished.

Notes
Turn   | Place    | Note
-------+----------+-------------------------------------------
     0 | D:1      | TacoSundae the Barachi Hexslinger began the quest for the
                  | Orb.
     0 | D:1      | Reached XP level 1. HP: 15/15 MP: 2/2
   191 | D:1      | Reached XP level 2. HP: 21/21 MP: 4/4
   960 | D:2      | Reached XP level 3. HP: 26/26 MP: 5/5
   963 | D:2      | Learned a level 2 spell: Jinxbite
  1043 | D:2      | Reached XP level 4. HP: 24/32 MP: 3/7
  1079 | D:2      | Found an ornate altar of the Wu Jian Council.
  1079 | D:2      | Noticed Terence
  1094 | D:2      | Slain by Terence

Illustrated notes

Levels and vault maps discovered:
D:1:      matt_arrival_diagonals, layout_loops_corners, minivault_24
D:2:      layout_rooms, basic_altar, uniq_sigmund, uniq_terence

Skill      XL: |  1  2  3 |
---------------+----------+-----
Ranged Weapons | 3 |  3.2
Spellcasting   | 2 |  2.0
Fighting       | |  1.2
Dodging        | |  2.1
Hexes          | |  3.9
Fire Magic     | |  1.1

Action                     |  1- 3 |  4- 6 || total
---------------------------+-------+-------++-------
   Fire: Sling             |    95 |    13 ||   108
   Cast: Jinxbite          |     2 |       ||     2
Ability: Hop               |       |     1 ||     1
 Armour: Robe              |    25 |     9 ||    34
  Dodge: Dodged            |    36 |     9 ||    45
